% Time on Ice - KELOWNA ROCKETS
Lines # - Real PCT - Wanted PCT - Time Play
Normal Forward
1 - 34% - 36% - 14:36
2 - 30% - 34% - 12:54
3 - 24% - 30% - 10:15
4 - 12% - 0% - 5:14
Normal Defense
1 - 34% - 34% - 14:43
2 - 31% - 33% - 13:27
3 - 31% - 33% - 13:11
4 - 4% - 0% - 1:38
PP Forward
1 - 46% - 75% - 1:50
2 - 54% - 25% - 2:08
PP Defense
1 - 68% - 75% - 2:41
2 - 32% - 25% - 1:17
PK Forward
1 - 60% - 55% - 6:39
2 - 40% - 45% - 4:25
PK Defense
1 - 54% - 55% - 5:57
2 - 46% - 45% - 5:07
PK3 Forward
1 - 0% - 55%
2 - 0% - 45%
PK3 Defense
1 - 0% - 55%
2 - 0% - 45%
44 Forward
1 - 67% - 50% - 1:20
2 - 33% - 50% - 0:39
44 Defense
1 - 24% - 50% - 0:29
2 - 76% - 50% - 1:30
Last Minute Offensive  - 0:00
Last Minute Defensive  - 0:00
Total
Forward - 60:00
Defense - 60:00
% Time on Ice - WINNIPEG BEAVERS
Lines # - Real PCT - Wanted PCT - Time Play
Normal Forward
1 - 29% - 31% - 12:26
2 - 29% - 31% - 12:30
3 - 24% - 28% - 10:10
4 - 18% - 10% - 7:53
Normal Defense
1 - 34% - 32% - 14:43
2 - 33% - 32% - 14:04
3 - 31% - 27% - 13:09
4 - 2% - 9% - 1:03
PP Forward
1 - 55% - 52% - 6:07
2 - 45% - 48% - 4:57
PP Defense
1 - 51% - 52% - 5:40
2 - 49% - 48% - 5:24
PK Forward
1 - 73% - 52% - 2:54
2 - 27% - 48% - 1:04
PK Defense
1 - 50% - 50% - 1:58
2 - 50% - 50% - 2:00
PK3 Forward
1 - 0% - 55%
2 - 0% - 45%
PK3 Defense
1 - 0% - 55%
2 - 0% - 45%
44 Forward
1 - 53% - 51% - 1:03
2 - 47% - 49% - 0:56
44 Defense
1 - 53% - 51% - 1:03
2 - 47% - 49% - 0:56
Last Minute Offensive  - 0:00
Last Minute Defensive  - 0:00
Total
Forward - 60:00
Defense - 60:00
Play-by-Play 1st period 0:01 of 1st period - Evgeny Kuznetsov wins face-off versus Gustav Nyquist in neutral zone. 0:01 of 1st period - Vladimir Tarasenko is hit by Brad Marchand and loses puck. 0:31 of 1st period - Icing by Vladimir Tarasenko. 0:32 of 1st period - Mika Zibanejad wins face-off versus Evgeny Kuznetsov in KELOWNA ROCKETS zone. 1:07 of 1st period - Shot by Reyley Smith. 1:07 of 1st period - Stopped by Marcus Hogberg with a rebound. 1:51 of 1st period - Shot by Tyler Bertuzzi. 1:51 of 1st period - Stopped by Sergei Bobrovsky without a rebound. 1:52 of 1st period - Matt Cullen wins face-off versus Anthony Cirelli in WINNIPEG BEAVERS zone. 2:01 of 1st period - Shot by Pavel Buchnevich. 2:01 of 1st period - Shot Blocked by Zach Bogosian. 2:08 of 1st period - Icing by Kris Russell. 2:09 of 1st period - Matt Cullen wins face-off versus Colby Cave in WINNIPEG BEAVERS zone. 2:09 of 1st period - Matt Cullen is hit by Colby Cave. 2:18 of 1st period - Icing by Dmitri Orlov. 2:19 of 1st period - Travis Zajac wins face-off versus Colby Cave in KELOWNA ROCKETS zone. 2:22 of 1st period - Shot by Brandon Tanev. 2:22 of 1st period - Shot Misses the Net. 2:40 of 1st period - Shot by Travis Zajac. 2:40 of 1st period - Shot Blocked by Dmitri Orlov. 3:36 of 1st period - Off-side. 3:37 of 1st period - Auston Matthews wins face-off versus Mika Zibanejad in neutral zone. 4:44 of 1st period - Shot by Brad Marchand. 4:44 of 1st period - Shot Misses the Net. 4:46 of 1st period - Shot by David Krejci. 4:46 of 1st period - Shot Misses the Net. 5:00 of 1st period - Shot by David Krejci. 5:00 of 1st period - Shot Misses the Net. 5:02 of 1st period - Shot by Gustav Nyquist. 5:02 of 1st period - Goal by Gustav Nyquist - KELOWNA ROCKETS : 0 - WINNIPEG BEAVERS : 1. 5:03 of 1st period - Anthony Cirelli wins face-off versus Matt Cullen in neutral zone. 5:23 of 1st period - Shot by Pavel Buchnevich. 5:23 of 1st period - Stopped by Sergei Bobrovsky without a rebound. 5:24 of 1st period - Evgeny Kuznetsov wins face-off versus Travis Zajac in WINNIPEG BEAVERS zone. 5:49 of 1st period - Shot by Alexander Ovechkin. 5:49 of 1st period - Shot Misses the Net. 5:51 of 1st period - Shot by Alexander Ovechkin. 5:51 of 1st period - Shot Misses the Net. 5:53 of 1st period - Shot by Evgeny Kuznetsov. 5:53 of 1st period - Shot Blocked by Mike Green. 5:55 of 1st period - Shot by Nate Schmidt. 5:55 of 1st period - Stopped by Sergei Bobrovsky without a rebound. 5:56 of 1st period - David Krejci wins face-off versus Anthony Cirelli in WINNIPEG BEAVERS zone. 5:56 of 1st period - Minor Penalty to Anthony Cirelli for Holding. 5:57 of 1st period - Auston Matthews wins face-off versus Mika Zibanejad in KELOWNA ROCKETS zone. 6:23 of 1st period - Shot by Brad Marchand. 6:23 of 1st period - Stopped by Marcus Hogberg with a rebound. 6:25 of 1st period - Shot by Zach Bogosian. 6:25 of 1st period - Shot Misses the Net. 6:43 of 1st period - Drew Doughty is hit by Brad Marchand and loses puck. 7:30 of 1st period - Shot by David Krejci. 7:30 of 1st period - Stopped by Marcus Hogberg without a rebound. 7:31 of 1st period - Auston Matthews wins face-off versus Mika Zibanejad in KELOWNA ROCKETS zone. 7:31 of 1st period - Auston Matthews is hit by Brad Marchand. 8:04 of 1st period - Shot by Alexander Ovechkin. 8:04 of 1st period - Stopped by Sergei Bobrovsky with a rebound. 8:06 of 1st period - Shot by Dmitri Orlov. 8:06 of 1st period - Stopped by Sergei Bobrovsky without a rebound. 8:07 of 1st period - Travis Zajac wins face-off versus Anthony Cirelli in WINNIPEG BEAVERS zone. 8:07 of 1st period - Minor Penalty to Nick Bjugstad for Hooking. 8:08 of 1st period - Travis Zajac wins face-off versus Auston Matthews in KELOWNA ROCKETS zone. 8:25 of 1st period - Gustav Nyquist is hit by Auston Matthews. 8:49 of 1st period - Shot by David Krejci. 8:49 of 1st period - Shot Misses the Net. 8:51 of 1st period - Shot by David Krejci. 8:51 of 1st period - Stopped by Marcus Hogberg without a rebound. 8:52 of 1st period - Mika Zibanejad wins face-off versus Auston Matthews in KELOWNA ROCKETS zone. 8:52 of 1st period - Reyley Smith is hit by Nate Schmidt. 9:12 of 1st period - Shot by Mika Zibanejad. 9:12 of 1st period - Shot Blocked by Nate Schmidt. 9:16 of 1st period - Shot by Mika Zibanejad. 9:16 of 1st period - Goal by Mika Zibanejad - KELOWNA ROCKETS : 0 - WINNIPEG BEAVERS : 2. 9:17 of 1st period - Anthony Cirelli wins face-off versus Matt Cullen in neutral zone. 9:28 of 1st period - Nick Bjugstad is hit by Troy Brouwer. 9:44 of 1st period - Shot by Matt Cullen. 9:44 of 1st period - Shot Misses the Net. 10:12 of 1st period - Shot by Vladimir Tarasenko. 10:12 of 1st period - Stopped by Sergei Bobrovsky without a rebound. 10:13 of 1st period - Evgeny Kuznetsov wins face-off versus Mika Zibanejad in WINNIPEG BEAVERS zone. 10:29 of 1st period - Minor Penalty to Reyley Smith for Roughing. 10:29 of 1st period - Minor Penalty to Alexander Ovechkin for Unsportsmanlike conduct. 10:30 of 1st period - David Krejci wins face-off versus Auston Matthews in neutral zone. 10:39 of 1st period - Shot by Brad Marchand. 10:39 of 1st period - Stopped by Marcus Hogberg without a rebound. 10:40 of 1st period - Evgeny Kuznetsov wins face-off versus David Krejci in KELOWNA ROCKETS zone. 10:40 of 1st period - Evgeny Kuznetsov is hit by David Krejci. 11:18 of 1st period - Shot by Brad Marchand. 11:18 of 1st period - Stopped by Marcus Hogberg with a rebound. 11:20 of 1st period - Shot by Brad Marchand. 11:20 of 1st period - Shot Misses the Net. 12:05 of 1st period - Shot by Auston Matthews. 12:05 of 1st period - Stopped by Sergei Bobrovsky without a rebound. 12:06 of 1st period - Travis Zajac wins face-off versus Auston Matthews in WINNIPEG BEAVERS zone. 12:28 of 1st period - Icing by Mika Zibanejad. 12:29 of 1st period - Colby Cave wins face-off versus Pontus Aberg in WINNIPEG BEAVERS zone. 13:15 of 1st period - Icing by Dmitri Orlov. 13:16 of 1st period - David Krejci wins face-off versus Nikita Zadorov in KELOWNA ROCKETS zone. 13:23 of 1st period - Shot by Brad Marchand. 13:23 of 1st period - Shot Blocked by Nikita Zadorov. 13:33 of 1st period - Shot by Brad Marchand. 13:33 of 1st period - Stopped by Marcus Hogberg without a rebound. 13:34 of 1st period - Ilya Kovalchuk wins face-off versus Auston Matthews in KELOWNA ROCKETS zone. 14:11 of 1st period - Shot by Mika Zibanejad. 14:11 of 1st period - Shot Misses the Net. 14:41 of 1st period - Shot by Alexander Ovechkin. 14:41 of 1st period - Shot Misses the Net. 15:15 of 1st period - Icing by Drew Doughty. 15:16 of 1st period - Travis Zajac wins face-off versus Evgeny Kuznetsov in KELOWNA ROCKETS zone. 15:28 of 1st period - Off-side. 15:29 of 1st period - Anthony Cirelli wins face-off versus Ilya Kovalchuk in neutral zone. 15:40 of 1st period - Shot by Pavel Buchnevich. 15:40 of 1st period - Shot Misses the Net. 16:32 of 1st period - Shot by Brandon Tanev. 16:32 of 1st period - Stopped by Marcus Hogberg without a rebound. 16:33 of 1st period - Auston Matthews wins face-off versus David Krejci in KELOWNA ROCKETS zone. 17:20 of 1st period - Icing by Chris Tanev. 17:21 of 1st period - Auston Matthews wins face-off versus Travis Zajac in KELOWNA ROCKETS zone. 17:28 of 1st period - Shot by Tyler Bertuzzi. 17:28 of 1st period - Stopped by Sergei Bobrovsky without a rebound. 17:29 of 1st period - Travis Zajac wins face-off versus Evgeny Kuznetsov in WINNIPEG BEAVERS zone. 18:39 of 1st period - Shot by David Krejci. 18:39 of 1st period - Shot Misses the Net. Goals for this period are 0 for KELOWNA ROCKETS vs 2 for WINNIPEG BEAVERS. Shots for this period are 8 for KELOWNA ROCKETS vs 10 for WINNIPEG BEAVERS. 2nd period 0:01 of 2nd period - Auston Matthews wins face-off versus Travis Zajac in neutral zone. 0:01 of 2nd period - Auston Matthews is hit by Brandon Tanev. 0:34 of 2nd period - Brandon Tanev is hit by Tyler Bertuzzi and loses puck. 0:41 of 2nd period - Shot by Auston Matthews. 0:41 of 2nd period - Shot Misses the Net. 0:59 of 2nd period - Shot by Anthony Cirelli. 0:59 of 2nd period - Stopped by Sergei Bobrovsky with a rebound. 1:02 of 2nd period - Minor Penalty to Pavel Buchnevich for Interference. 1:03 of 2nd period - Auston Matthews wins face-off versus Mika Zibanejad in KELOWNA ROCKETS zone. 1:17 of 2nd period - Icing by Reyley Smith. 1:18 of 2nd period - Auston Matthews wins face-off versus Mika Zibanejad in WINNIPEG BEAVERS zone. 1:33 of 2nd period - Drew Doughty is hit by Brad Marchand and loses puck. 1:47 of 2nd period - Icing by Kris Russell. 1:48 of 2nd period - Mika Zibanejad wins face-off versus Auston Matthews in WINNIPEG BEAVERS zone. 2:13 of 2nd period - Shot by Anthony Cirelli. 2:13 of 2nd period - Shot Misses the Net. 2:15 of 2nd period - Shot by Anthony Cirelli. 2:15 of 2nd period - Stopped by Sergei Bobrovsky without a rebound. 2:16 of 2nd period - Auston Matthews wins face-off versus Travis Zajac in WINNIPEG BEAVERS zone. 2:32 of 2nd period - Shot by Gustav Nyquist. 2:32 of 2nd period - Shot Misses the Net. 2:49 of 2nd period - Icing by David Krejci. 2:50 of 2nd period - Anthony Cirelli wins face-off versus Travis Zajac in WINNIPEG BEAVERS zone. 2:50 of 2nd period - Nate Schmidt is hit by Mike Green